 Dungeon Crawl Stone Soup version 0.28.0 (webtiles) character file.

Game seed: 4395350528104906747

2684 RighteousDevil the Cleaver (level 9, -5/73 HPs)
             Began as a Deep Dwarf Gladiator on Feb 14, 2022.
             Slain by a two-headed ogre (19 damage)
             ... on level 7 of the Dungeon.
             The game lasted 00:09:49 (6893 turns).

RighteousDevil the Cleaver (Deep Dwarf Gladiator)   Turns: 6893, Time: 00:09:50

Health: -5/73      AC:  9    Str: 19    XL:     9   Next: 37%
Magic:  3/3        EV: 16    Int:  8    God:
Gold:   332        SH:  0    Dex: 16    Spells: 8/8 levels left

rFire   . . .      SeeInvis .   a - +0 war axe
rCold   + + .      Faith    .   (no shield)
rNeg    . . .      Spirit   .   j - +0 swamp dragon scales
rPois   +          Reflect  .   (no helmet)
rElec   .          Harm     .   (no cloak)
rCorr   .          Rampage  .   (no gloves)
Will    +....                   (no boots)
Stlth   +.........              (no amulet)
HPRegen 0.00/turn               h - ring of protection from cold
MPRegen 0.08/turn               f - +4 ring of evasion

@: no status effects
A: damage resistance, heal wounds, sense surroundings 2, no regeneration,
iridescent scales 1, cold resistance 1, dopey 1
a: Heal Wounds


You were on level 7 of the Dungeon.
You visited 2 branches of the dungeon, and saw 8 of its levels.

You collected 332 gold pieces.

Inventory:

Hand Weapons
 a - a +0 war axe (weapon)
 b - a +0 morningstar
Missiles
 d - 3 throwing nets (quivered)
Armour
 c - a +1 helmet
 j - +0 swamp dragon scales (worn)
Jewellery
 f - a +4 ring of evasion (right hand)
 g - a +6 ring of strength
 h - a ring of protection from cold (left hand)
 o - a ring of magical power
Wands
 e - a wand of charming (24)
 r - a wand of digging (8)
Potions
 k - a potion of cancellation
 s - 3 potions of brilliance


   Skills:
 - Level 1.9 Fighting
 + Level 14.1 Axes
 - Level 1.9 Throwing
 - Level 3.3 Dodging


You had 8 spell levels left.
You didn't know any spells.
Your spell library contained the following spells:

 Spells                   Type           Power      Damage    Failure   Level
 Animate Skeleton         Necr           0%         N/A       58%         1
 Magic Dart               Conj           0%         1d3       58%         1
 Pain                     Necr           0%         1d4       58%         1
 Sandblast                Erth           0%         2d4       58%         1
 Passwall                 Tmut/Erth      0%         N/A       75%         2
 Searing Ray              Conj           0%         2d4       75%         2
 Stone Arrow              Conj/Erth      0%         3d7       92%         3
 Vampiric Draining        Necr           0%         2d6       92%         3
 Fulminant Prism          Conj/Hex       0%         3d6       100%        4


Dungeon Overview and Level Annotations

Branches:
Dungeon (7/15)             Temple (1/1) D:4

Altars:
Ashenzari
Cheibriados
Dithmenos
Elyvilon
Fedhas
Gozag
Kikubaaqudgha
Makhleb
Nemelex Xobeh
Okawaru
Ru
Sif Muna
Trog
Uskayaw
Vehumet
Wu Jian
Xom
Yredelemnul
Zin
The Shining One

Shops:
D:1 (   D:6 !


Innate Abilities, Weirdness & Mutations

You are resistant to damage.
You can heal yourself by infusing magical energy.
You passively map the area around you.
You do not regenerate.
You are partially covered in iridescent scales. (AC +2)
Your flesh is cold resistant. (rC+)
You are dopey. (Int -2)


Message History

You open the door.
There is an open door here.
You open the door.
There is an open door here.
As you open the door, it creaks loudly!
There is an open door here.
You open the door.
Found a sparkling altar of Nemelex Xobeh.
There is an open door here.
You open the door.
There is an open door here.
You open the door.
A bullfrog comes into view.
The bullfrog gives a loud, deep croak!
There is an open door here.
The bullfrog completely misses you. The bullfrog closely misses you.
You slash the bullfrog!
The bullfrog is severely wounded.
The bullfrog barely misses you.
You hit the bullfrog but do no damage.
The bullfrog is severely wounded.
The bullfrog closely misses you.
You slash the bullfrog!
You kill the bullfrog!
No target in view!
No target in view!
You open the door.
A two-headed ogre comes into view.
It is wielding a +0 giant club and a +0 giant spiked club.
The two-headed ogre shouts in stereo!
There is an open door here.
Aiming: Charm
Press: ? - help, Shift-Dir - straight line, f - two-headed ogre
Aim: a two-headed ogre, wielding a +0 giant club and a +0 giant spiked club (chance to affect: 31%)
Okay, then.
You aren't carrying any scrolls.
Okay, then.
The two-headed ogre hits you with a +0 giant club!!
* * * LOW HITPOINT WARNING * * *
The two-headed ogre hits you with a +0 giant spiked club!!
You die...

############.##.#.# #.#
'..........#.##.#.# #.#
##########.#.##.#.# #.#* * * #
#.#.##.#.######.#* ,,, ,
##########.#.##.#......#.# * *
...............>######.#.# #
#####...#..###..######.#.####.#
#####..###.....O.......#.#(..
......#'#'#..#..@#######.#.######
.....###.###..#..# #............
....###._.###.#..## #.#.##.######
.....###.###......# #.#.##.#
......#####..###..###.#.##.####
....#..###..###.....#.#.#.....#
###.#...#..## #....##.#.#..##.#
#.#.....## #.....#.#.#..##.##
#.#.....# #.....#.#)#..#...#


You could see a two-headed ogre.

Vanquished Creatures
  Pikel (D:6)
  Maggie (D:6)
  Grinder (D:6)
  A steam dragon (D:3)
  Menkaure (D:6)
  A water moccasin (D:4)
  An ice beast (D:7)
  2 sky beasts
  A necrophage (D:7)
  A centaur (D:6)
  2 ogres
  2 lemures (D:6)
  A bullfrog (D:7)
  A wyvern zombie (D:7)
  A scorpion (D:6)
  A water moccasin skeleton (D:6)
  A wight (D:7)
  A centaur zombie (D:3)
  2 hounds (D:5)
  2 orc priests (D:6)
  A bullfrog skeleton (D:6)
  3 centaur skeletons
  2 iguanas
  3 orc wizards
  A killer bee zombie (D:6)
  A howler monkey skeleton (D:4)
  3 adders
  A shadow imp (D:6)
  A white imp (D:6)
  2 worms
  3 dart slugs
  20 orcs
  9 ball pythons
  6 endoplasms
  4 giant cockroaches
  5 goblins
  5 hobgoblins
  14 kobolds
  4 quokkas
  8 bats
  2 frilled lizards (D:2)
  3 rats (D:1)
  A spectral hobgoblin (D:2)
127 creatures vanquished.

Vanquished Creatures (others)
  An ogre (D:6)
1 creature vanquished.

Grand Total: 128 creatures vanquished

Notes
Turn   | Place    | Note
-------+----------+-------------------------------------------
     0 | D:1      | RighteousDevil the Deep Dwarf Gladiator began the quest for
                  | the Orb.
     0 | D:1      | Reached XP level 1. HP: 19/19 MP: 1/1
   235 | D:1      | Reached XP level 2. HP: 26/26 MP: 2/2
   353 | D:1      | Reached skill level 4 in Axes
   562 | D:1      | Found Figroene's Weapon Emporium.
  1137 | D:2      | Reached XP level 3. HP: 32/32 MP: 3/3
  1628 | D:2      | Found a faded altar of an unknown god.
  1814 | D:2      | Reached skill level 5 in Axes
  2226 | D:3      | Found a radiant altar of Vehumet.
  2234 | D:3      | Noticed a steam dragon
  2255 | D:3      | Killed a steam dragon
  2256 | D:3      | Reached skill level 6 in Axes
  2256 | D:3      | Reached XP level 4. HP: 39/39 MP: 3/3
  2256 | D:3      | Reached XP level 5. HP: 45/45 MP: 4/4
  2536 | D:3      | Reached skill level 7 in Axes
  2942 | D:4      | Reached XP level 6. HP: 42/52 MP: 5/5
  3097 | D:4      | Reached skill level 8 in Axes
  3244 | D:4      | Noticed a water moccasin
  3253 | D:4      | Killed a water moccasin
  3254 | D:4      | Reached XP level 7. HP: 48/58 MP: 6/6
  3661 | D:4      | Found a staircase to the Ecumenical Temple.
  3667 | Temple   | Entered the Ecumenical Temple
  4105 | D:5      | Entered Level 5 of the Dungeon
  4208 | D:5      | Reached skill level 9 in Axes
  5239 | D:6      | Noticed Pikel
  5256 | D:6      | HP: 2/58 [Pikel/bolt of acid (37)]
  5271 | D:6      | Killed Pikel
  5272 | D:6      | Reached skill level 11 in Axes
  5272 | D:6      | Reached XP level 8. HP: 62/67 MP: 3/3
  5420 | D:6      | Found Aquiphai's Distillery.
  5471 | D:6      | Noticed Menkaure
  5476 | D:6      | Killed Menkaure
  5563 | D:6      | Noticed Maggie
  5586 | D:6      | Killed Maggie
  5587 | D:6      | Reached skill level 12 in Axes
  5619 | D:6      | Gained mutation: You have a pair of small antennae on your
                  | head. [potion of mutation]
  5619 | D:6      | Gained mutation: Your magical capacity is low. (-10% MP)
                  | [potion of mutation]
  5893 | D:6      | Noticed Grinder
  5910 | D:6      | Killed Grinder
  5911 | D:6      | Reached skill level 13 in Axes
  5944 | D:6      | Gained mutation: You passively map the area around you.
                  | [Deep Dwarf growth]
  5944 | D:6      | Reached XP level 9. HP: 46/73 MP: 2/2
  6672 | D:6      | Lost mutation: Your magical capacity is low. (-10% MP)
                  | [potion of mutation]
  6672 | D:6      | Lost mutation: You have a pair of small antennae on your
                  | head. [potion of mutation]
  6672 | D:6      | Gained mutation: You are dopey. (Int -2) [potion of
                  | mutation]
  6672 | D:6      | Gained mutation: You are partially covered in iridescent
                  | scales. (AC +2) [potion of mutation]
  6672 | D:6      | Gained mutation: Your flesh is cold resistant. (rC+)
                  | [potion of mutation]
  6679 | D:6      | Identified the +0 robe of Refuge {Slay+3}
  6769 | D:7      | Reached skill level 14 in Axes
  6826 | D:7      | Found a sparkling altar of Nemelex Xobeh.
  6869 | D:7      | Noticed a two-headed ogre
  6893 | D:7      | Slain by a two-headed ogre

Illustrated notes

Levels and vault maps discovered:
D:1:      amcnicky_arrival_abandoned_market, layout_basic, serial_shops, shop
D:2:      minmay_chambers_of_ones, layout_loops_corners,
          dreamdust_ecumenical_altar_drowned_temple
D:3:      layout_basic, mainiacjoe_overflow_tiny_flanked, minivault_5
D:4:      layout_loops_cross, minmay_temple_entry_enclosed_plants
D:5:      layout_basic
D:6:      layout_cave_pods, serial_shops, nicolae_shop_statue_plus,
          uniq_grinder, uniq_maggie, uniq_menkaure, uniq_pikel
D:7:      layout_basic, nemelex_diamond_rough_becter, serial_undead,
          serial_undead_c, serial_undead_b, serial_undead_e, serial_undead_b
Temple:   hc_temple_tempest_star

Skill      XL: |  1  2  3  4  5  6  7  8  9 |
---------------+----------------------------+-----
Axes           | 4 6 7 8 11 13 14 | 14.1
Fighting       | |  1.9
Throwing       | |  1.9
Dodging        | |  3.3

Action                   |  1- 3 |  4- 6 |  7- 9 || total
-------------------------+-------+-------+-------++-------
Melee: War axe           |   155 |    79 |   205 ||   439
       Punch             |     1 |     3 |     5 ||     9
 Abil: Heal Wounds       |     7 |     3 |    14 ||    24
Evoke: Wand              |       |       |     2 ||     2
  Use: Scroll            |     4 |     2 |     5 ||    11
       Potion            |     1 |       |     9 ||    10
 Stab: Sleeping          |     1 |       |       ||     1
Armor: Leather armour    |    47 |       |       ||    47
       Ring mail         |    28 |    11 |       ||    39
       Scale mail        |       |    32 |    22 ||    54
       Chain mail        |       |       |    41 ||    41
       Swamp dragon scal |       |       |    23 ||    23
Dodge: Dodged            |   122 |    43 |    86 ||   251
